 Dungeon Crawl Stone Soup version 0.20-a0-613-g92415a4 (webtiles) character file.

179 simplebreeze the Skirmisher (level 5, -2/48 HPs)
             Began as a Minotaur Wanderer on Feb 8, 2017.
             Was an Initiate of Makhleb.
             Slain by a centaur (5 damage)
             ... on level 9 of the Dungeon.
             The game lasted 00:05:59 (857 turns).

simplebreeze the Skirmisher (Minotaur Wanderer)      Turns: 857, Time: 00:06:00

Health: -2/48      AC:  7    Str: 17    XL:     5   Next: 33%
Magic:  5/5        EV: 10    Int: 10    God:    Makhleb [......]
Gold:   173        SH:  0    Dex:  9    Spells: 6/6 levels left

rFire    . . .     SeeInvis .   m - +3 flail (crush)
rCold    + . .     Gourm    .   b - +2 ring mail
rNeg     . . .     Faith    .   (no shield)
rPois    .         Spirit   .   (helmet restricted)
rElec    .         Reflect  .   (no cloak)
rCorr    .         Harm     .   (no gloves)
MR       .....                  (no boots)
Stlth    ..........             (no amulet)
Regen    0.2/turn               (no ring)
                                n - ring of protection from cold

@: no status effects
A: retaliatory headbutt, horns 2
a: Renounce Religion


You were on level 9 of the Dungeon.
You worshipped Makhleb.
Makhleb was noncommittal.
You were not hungry.

You visited 1 branch of the dungeon, and saw 7 of its levels.

You collected 173 gold pieces.

Inventory:

Hand Weapons
 a - a +2 spear
 m - a +3 flail of crushing (weapon)
Armour
 b - a +2 ring mail (worn)
 j - a +2 helmet
Jewellery
 e - a +6 ring of slaying {unknown}
 n - a ring of protection from cold (left hand)
Scrolls
 c - a scroll of teleportation
 f - a scroll of identify
 g - 3 scrolls of remove curse
Comestibles
 d - a bread ration
 h - 4 fruits


   Skills:
 + Level 5.2 Fighting
 + Level 3.2 Polearms
 + Level 4.1 Armour
 + Level 0.2 Dodging
   Level 2.4 Shields
 + Level 1.1 Spellcasting
   Level 1.3 Ice Magic


You had 6 spell levels left.
You didn't know any spells.

Dungeon Overview and Level Annotations

Branches:
Dungeon (6/15)
 Temple: D:4-7

Altars:
Makhleb


Innate Abilities, Weirdness & Mutations

You reflexively headbutt those who attack you in melee.
You have a pair of horns on your head.


Message History

The centaur hits you! The centaur barely misses you.
The centaur barely misses you.
The centaur hits you but does no damage.
You sock the centaur!
The centaur is heavily wounded.
The centaur hits you!
* * * LOW HITPOINT WARNING * * *
The centaur barely misses you.
You barely miss the centaur. You headbutt the centaur!
The centaur is almost dead.
The centaur hits you but does no damage.
The centaur hits you!
* * * LOW HITPOINT WARNING * * *
You barely miss the centaur. Your headbutt misses the centaur.
The centaur is almost dead.
The centaur closely misses you. The centaur barely misses you.
You barely miss the centaur.
The centaur is almost dead.
The centaur hits you.
You die...

#.......#
#.......#
#.(.....#
#.......#
#.......#
#.......#
#.(.....#
#.(c....#
#..@....#
#........#
#........#
#........#
#........#
#$.......#
#........#
##########


You could see a centaur.

Vanquished Creatures
  Edmund (D:5)
  2 adders
  2 oozes
  2 worms
  A dart slug (D:1)
  A leopard gecko (D:4)
  2 goblins (D:1)
  5 hobgoblins (D:1)
  5 jackals
  A kobold (D:1)
  3 bats (D:1)
  2 frilled lizards (D:1)
  3 rats (D:1)
30 creatures vanquished.

Notes
Turn   | Place    | Note
-------+----------+-------------------------------------------
     0 | D:1      | simplebreeze the Minotaur Wanderer began the quest for the Orb.
     0 | D:1      | simplebreeze set off with: a +2 spear, a +0 ring mail, a scroll of teleportation, a bread ration
     0 | D:1      | Reached XP level 1. HP: 19/19 MP: 1/1
    76 | D:1      | Reached skill level 4 in Fighting
   135 | D:1      | Reached XP level 2. HP: 17/27 MP: 2/2
   408 | D:3      | Found a burning altar of Makhleb.
   423 | D:3      | Became a worshipper of Makhleb the Destroyer
   489 | D:4      | Reached XP level 3. HP: 31/34 MP: 3/3
   500 | D:4      | Reached skill level 1 in Polearms
   656 | D:5      | Entered Level 5 of the Dungeon
   662 | D:5      | Noticed Edmund
   683 | D:5      | Killed Edmund
   683 | D:5      | Reached skill level 5 in Fighting
   683 | D:5      | Reached XP level 4. HP: 13/42 MP: 4/4
   683 | D:5      | Reached XP level 5. HP: 15/48 MP: 5/5
   841 | D:6      | You fall through a shaft for 3 floors!
   841 | D:9      | Noticed a centaur
   857 | D:9      | Slain by a centaur

Vault maps used:
D:1:      dpeg_arrival_concentric_ovals, minivault_19, serial_bayou_ford_a
D:2:      first_bread, uniq_robin
D:3:      old_standard_altar
D:4:      kennysheep_mini, minmay_temple_entry_glassed_door, bloody_makhleb
D:5:      uniq_edmund, uniq_duvessa, uniq_sigmund
D:6:      serial_shops, shop, grunt_ashenzari_visionary
D:9:      david_orc_3, uniq_psyche

Skill      XL: |  1  2  3  4  5 |
---------------+----------------+-----
Fighting       | 4 5 |  5.2
Polearms       | 3 |  3.2
Armour         | 3 4 |  4.1
Dodging        | |  0.2
Shields        | |  2.4
Spellcasting   | |  1.1
Ice Magic      | |  1.3

Action                   |  1- 3 |  4- 6 || total
-------------------------+-------+-------++-------
Melee: Spear             |    66 |       ||    66
       Headbutt          |    12 |     1 ||    13
       Flail             |       |    13 ||    13
  Use: Potion            |     1 |       ||     1
       Scroll            |       |     8 ||     8
Armor: Ring mail         |    31 |    15 ||    46
       Skin              |    11 |       ||    11
Dodge: Dodged            |    36 |    14 ||    50
